 Dungeon Crawl Stone Soup version 0.22-a0-433-gd2a9cce0b5 (webtiles) character file.

347 Ordine the Digger (level 6, -2/32 HPs)
             Began as a Gargoyle Earth Elementalist on May 29, 2018.
             Slain by an orc wizard
             ... wielding a +0 dagger
              (4 damage)
             ... on level 4 of the Dungeon.
             The game lasted 00:13:59 (3004 turns).

Ordine the Digger (Gargoyle Earth Elementalist)     Turns: 3004, Time: 00:14:00

Health: -2/32      AC:  6    Str: 16    XL:     6   Next: 59%
Magic:  1/21       EV: 12    Int: 18    God:
Gold:   127        SH:  0    Dex: 10    Spells: 9/13 levels left

rFire    . . .     SeeInvis .   i - +1 spear (flame)
rCold    . . .     Gourm    .   (no shield)
rNeg     + . .     Faith    .   c - +0 robe
rPois    ∞         Spirit   .   (no helmet)
rElec    +         Reflect  .   (no cloak)
rCorr    .         Harm     .   (no gloves)
MR       .....                  (no boots)
Stlth    ++........             (no amulet)
HPRegen  0.10/turn              a - ring of magical power
MPRegen  0.17/turn              (no ring)

@: mighty, slowed, very slow
A: negative energy resistance 1, electricity resistance, unbreathing,
petrification resistance, rot immunity, AC +4
a: no special abilities


You were on level 4 of the Dungeon.
You were not hungry.

You visited 1 branch of the dungeon, and saw 4 of its levels.

You collected 127 gold pieces.

Inventory:

Hand Weapons
 i - a +1 spear of flaming (weapon)
 n - a +2 dagger of venom
Armour
 c - a +0 robe (worn)
Jewellery
 a - a ring of magical power (left hand)
Scrolls
 e - a scroll of fear
 h - 3 scrolls of teleportation
Potions
 g - a potion of mutation {unknown}
 j - a potion of ambrosia {unknown}
 l - a potion of cancellation {unknown}
 m - a potion of degeneration {unknown}
Comestibles
 d - 4 rations
 k - 4 chunks of flesh


   Skills:
 - Level 1.5 Dodging
 - Level 2.1 Stealth
 + Level 4.0 Spellcasting
 + Level 3.4 Conjurations
   Level 0.7 Transmutations
 + Level 5.9 Earth Magic


You had 9 spell levels left.
You knew the following spells:

 Your Spells              Type           Power        Failure   Level  Hunger
a - Sandblast             Erth           ####..       1%          1    None
b - Stone Arrow           Conj/Erth      ###...       6%          3    ###....

Your spell library contained the following spells:

 Spells                   Type           Power        Failure   Level  Hunger
 Passwall                 Tmut/Erth      ###.....     5%          2    ##.....
 Lee's Rapid Deconstruct  Erth           ####......   34%         5    ######.
 Petrify                  Tmut/Erth      ###.....     36%         4    ####...


Dungeon Overview and Level Annotations

Branches:
Dungeon (4/15)
 Temple: D:4-7

Altars:


Innate Abilities, Weirdness & Mutations

You are resistant to torment.
Your stone body is resilient. (AC +4)
You are immune to poison.
You resist negative energy. (rN+)
You are resistant to electric shocks. (rElec)
You can survive without breathing.
You are immune to petrification.
You are immune to rotting.


Message History

The orc wizard blinks!
You see here a worker ant corpse.
You start resting.
Something unseen opens the door.
You start resting.
The orc wizard is too close now for your liking.
Casting: Stone Arrow (safe; 6% risk of failure)
Confirm with . or Enter, or press ? or * to list all spells.
Aiming: Stone Arrow (safe; 6% risk of failure)
Press: ? - help, Shift-Dir - straight line, f - orc wizard
Aim: an orc wizard, wielding a dagger and wearing a robe (severely wounded)
The stone arrow hits the orc wizard.
The orc wizard is almost dead.
You are feeling hungry.
The orc wizard points at you and mumbles some strange words.
You resist with some effort.
You start resting.
Eating one of 5 chunks of flesh.
You eat one of the 5 chunks of flesh.
This raw flesh tastes terrible.
The orc wizard is too close now for your liking.
The orc wizard hits you with a dagger.
You die...

.... ##'###### .. .. #.#
..... #.# #.......
#.#########.
#.#...#'######.##........
..................######.
..........####.##########
..........o......).......
..........#@..)))......##
..........#........(...#
.....)))).†............#
..........####.........#
..........# #.........#
.......!...# #.........#
...........# #.........#
...........# #.........#
............ #.#+#.....


You could see an orc wizard.

Vanquished Creatures
  A quasit (D:4)
  2 hounds
  2 orc priests (D:4)
  A worker ant (D:4)
  A howler monkey skeleton (D:4)
  5 adders
  6 oozes
  An adder zombie (D:3)
  2 adder skeletons
  A worm (D:3)
  A dart slug (D:1)
  2 leopard geckos
  7 orcs (D:4)
  5 giant cockroaches
  6 goblins
  5 hobgoblins
  2 jackals (D:3)
  A quokka (D:2)
  7 bats
  6 frilled lizards
  8 kobolds
  12 rats
  A bush (D:2)
85 creatures vanquished.

Notes
Turn   | Place    | Note
-------+----------+-------------------------------------------
     0 | D:1      | Ordine the Gargoyle Earth Elementalist began the quest for the Orb.
     0 | D:1      | Reached XP level 1. HP: 10/10 MP: 3/3
    26 | D:1      | Reached XP level 2. HP: 8/15 MP: 0/5
    41 | D:1      | Reached skill level 4 in Earth Magic
   606 | D:1      | Reached XP level 3. HP: 19/19 MP: 2/6
   611 | D:1      | Learned a level 3 spell: Stone Arrow
  1005 | D:2      | Reached skill level 1 in Conjurations
  1161 | D:2      | Reached XP level 4. HP: 24/24 MP: 8/8
  2284 | D:3      | Reached skill level 5 in Earth Magic
  2324 | D:3      | Reached XP level 5. HP: 28/28 MP: 9/9
  2946 | D:4      | Reached XP level 6. HP: 32/32 MP: 11/11
  2995 | D:4      | HP: 1/32 [orc wizard/dagger (3)]
  3004 | D:4      | Slain by an orc wizard

Vault maps used:
D:1:      lightli_arrival_maybe_door_vault
D:2:      first_ration, serial_forest, infiniplex_forest_end_2,
          infiniplex_forest_lined_2, infiniplex_forest_end_3,
          infiniplex_forest_straight_5, infiniplex_forest_clump_long,
          infiniplex_forest_lined_2, infiniplex_forest_end_3,
          infiniplex_forest_lined_2

Skill      XL: |  1  2  3  4  5  6 |
---------------+-------------------+-----
Earth Magic    | 4 5 |  5.9
Conjurations   | 1 2 3 |  3.4
Spellcasting   | 3 4 |  4.0
Dodging        | |  1.5
Stealth        | |  2.1
Transmutations | |  0.7

Action                   |  1- 3 |  4- 6 || total
-------------------------+-------+-------++-------
Melee: Unarmed           |    13 |       ||    13
       Spear             |    18 |   173 ||   191
 Cast: Sandblast         |    40 |    69 ||   109
       Stone Arrow       |       |     4 ||     4
  Use: Scroll            |     4 |     1 ||     5
       Potion            |       |     1 ||     1
 Stab: Sleeping          |       |     3 ||     3
  Eat: Chunk             |     1 |     7 ||     8
Armor: Robe              |    12 |    12 ||    24
Dodge: Dodged            |    22 |    25 ||    47

Table legend:
 A = Spawn XP
 B = Non-spawn XP
 C = Spawn XP percentage of total XP
 D = Spawn monster count
 E = Non-spawn monster count
 F = Spawn count percentage of total count
 G = Total turns spent on level
                    A         B        C        D         E        F      G
               +---------+---------+-------+---------+---------+-------+---------
         Total |       0 |     496 |   0.0 |       0 |      84 |   0.0 |  3004
               +---------+---------+-------+---------+---------+-------+---------
           D:1 |       0 |      44 |   0.0 |       0 |      24 |   0.0 |   907
           D:2 |       0 |      68 |   0.0 |       0 |      24 |   0.0 |  1347
           D:3 |       0 |     141 |   0.0 |       0 |      22 |   0.0 |   637
           D:4 |       0 |     243 |   0.0 |       0 |      14 |   0.0 |   113
               +---------+---------+-------+---------+---------+-------+---------
